 Dungeon Crawl Stone Soup version 0.21.0-3-g78d12a8 (webtiles) character file.

7966 Suckerboh the Thaumaturge (level 11, -3/59 HPs)
             Began as a Deep Elf Fire Elementalist on Jan 14, 2018.
             Was a Believer of Vehumet.
             Slain by an unseen horror (10 damage)
             ... on level 11 of the Dungeon.
             The game lasted 00:24:43 (12222 turns).

Suckerboh the Thaumaturge (DEFE)                   Turns: 12222, Time: 00:24:43

Health: -3/59      AC:  4    Str:  5    XL:     11   Next: 3%
Magic:  28/28      EV: 16    Int: 24    God:    Vehumet [**....]
Gold:   594        SH:  0    Dex: 19    Spells: 14/33 levels left

rFire    . . .     SeeInvis .   a - +2 rapier (protect)
rCold    . . .     Gourm    .   (no shield)
rNeg     . . .     Faith    .   u - +0 robe
rPois    .         Spirit   .   t - +0 helmet
rElec    .         Reflect  .   H - +0 cloak
rCorr    .         Harm     .   (no gloves)
MR       ++...                  (no boots)
Stlth    ++........             (no amulet)
HPRegen  0.19/turn              h - +4 ring of dexterity
MPRegen  0.21/turn              I - ring of protection from magic

@: drained
A: no striking features
a: Renounce Religion


You were on level 11 of the Dungeon.
You worshipped Vehumet.
Vehumet was pleased with you.
You were not hungry.

You visited 2 branches of the dungeon, and saw 12 of its levels.
You also visited: Labyrinth.

You collected 594 gold pieces.

Inventory:

Hand Weapons
 a - a +2 rapier of protection (weapon)
 k - a cursed -2 dagger
Armour
 t - a +0 helmet (worn)
 u - a +0 robe (worn)
 H - a +0 cloak (worn)
 Q - a +0 buckler
 V - a +0 scale mail of poison resistance
 Y - the +2 leather armour of Resonance {Dex+3 Slay+6, unknown}
   (You found it in a labyrinth)

   It affects your dexterity (+3).
   It affects your accuracy and damage with ranged weapons and melee attacks
   (+6).
Magical Staves
 R - an uncursed staff of death {unknown}
 Z - an uncursed staff of fire {unknown}
Jewellery
 h - a +4 ring of dexterity (left hand)
 s - an uncursed amulet of harm
 F - an uncursed ring of ice
 I - a ring of protection from magic (right hand)
 T - a +4 ring of dexterity
Wands
 D - a wand of paralysis (8)
 G - a wand of random effects (83)
 M - a wand of enslavement (20)
 P - a wand of scattershot (4)
 W - a wand of polymorph (9)
 X - a wand of digging (9)
Scrolls
 d - 4 scrolls of enchant weapon {unknown}
 e - 5 scrolls of noise {unknown}
 g - 2 scrolls of random uselessness {unknown}
 j - 7 scrolls of teleportation {unknown}
 q - 5 scrolls of remove curse {unknown}
 v - a scroll of fog {unknown}
 w - 5 scrolls of identify {unknown}
 y - a scroll of fear {unknown}
 B - 3 scrolls of blinking {unknown}
 J - 2 scrolls of magic mapping {unknown}
 K - a scroll of amnesia {unknown}
 N - a scroll of immolation {unknown}
Potions
 f - a potion of magic {unknown}
 i - a potion of invisibility {unknown}
 l - 5 potions of flight {unknown}
 m - a potion of ambrosia {unknown}
 n - 2 potions of haste {unknown}
 o - 3 potions of curing {unknown}
 p - 2 potions of degeneration {unknown}
 r - a potion of brilliance {unknown}
 x - 3 potions of heal wounds {unknown}
 A - 2 potions of agility {unknown}
 C - 3 potions of lignification {unknown}
Books
 b - a book of Flames

   Spells                             Type                      Level
   a - Flame Tongue                   Conjuration/Fire             1
   b - Throw Flame                    Conjuration/Fire             2
   c - Conjure Flame                  Conjuration/Fire             3
   d - Inner Flame                    Hexes/Fire                   3
   e - Sticky Flame                   Conjuration/Fire             4
   f - Fireball                       Conjuration/Fire             5
 z - a book of Callings

   Spells                             Type                      Level
   a - Summon Small Mammal            Summoning                    1
   b - Call Imp                       Summoning                    2
   c - Call Canine Familiar           Summoning                    3
   d - Summon Guardian Golem          Hexes/Summoning              3
   e - Summon Lightning Spire         Summoning/Air                4
   f - Summon Ice Beast               Ice/Summoning                4
 E - a book of Battle

   Spells                             Type                      Level
   a - Infusion                       Charms                       1
   b - Shroud of Golubria             Charms/Translocation         2
   c - Song of Slaying                Charms                       2
   d - Spectral Weapon                Hexes/Charms                 3
   e - Regeneration                   Charms/Necromancy            3
 L - a book of Maledictions

   Spells                             Type                      Level
   a - Corona                         Hexes                        1
   b - Ensorcelled Hibernation        Hexes/Ice                    2
   c - Confuse                        Hexes                        3
   d - Tukima's Dance                 Hexes                        3
   e - Dazzling Spray                 Conjuration/Hexes            3
 O - a book of Geomancy

   Spells                             Type                      Level
   a - Sandblast                      Earth                        1
   b - Passwall                       Transmutation/Earth          2
   c - Stone Arrow                    Conjuration/Earth            3
   d - Petrify                        Transmutation/Earth          4
   e - Lee's Rapid Deconstruction     Earth                        5
 U - a book of Dreams

   Spells                             Type                      Level
   a - Ensorcelled Hibernation        Hexes/Ice                    2
   b - Borgnjor's Vile Clutch         Necromancy/Earth             5
   c - Silence                        Hexes/Air                    5
   d - Darkness                       Hexes                        6
   e - Shadow Creatures               Summoning                    6
Comestibles
 c - 12 rations
 S - 3 chunks of flesh


   Skills:
 + Level 2.6(1.6) Fighting
   Level 1.0(0.1) Axes
 + Level 6.5(5.5) Dodging
 - Level 2.4(1.5) Stealth
 + Level 11.6(10.4) Spellcasting
 * Level 11.5(10.3) Conjurations
 + Level 9.2(8.1) Fire Magic


You had 14 spell levels left.
You knew the following spells:

 Your Spells              Type           Power        Failure   Level  Hunger
a - Flame Tongue          Conj/Fire      #####        1%          1    None
b - Conjure Flame         Conj/Fire      ######..     1%          3    None
c - Sticky Flame          Conj/Fire      ######..     1%          4    None
d - Fireball              Conj/Fire      ######....   3%          5    ####...
e - Mephitic Cloud        Conj/Pois/Air  ####....     3%          3    None
f - Regeneration          Chrm/Necr      ##........   16%         3    None


Dungeon Overview and Level Annotations

Branches:
Dungeon (12/15)            Temple (1/1) D:4
   Lair: D:8-11         Orc: D:9-12

Altars:
Ashenzari
Cheibriados
Dithmenos
Elyvilon
Fedhas
Kikubaaqudgha
Makhleb
Nemelex Xobeh
Okawaru
Qazlal
Ru
Sif Muna
Trog
Vehumet
Wu Jian
Zin
The Shining One

Shops:
D:7 %   D:11 :=

Annotations:
D:12 1 runed door


Message History

Your skin is crawling a little less now.
Something hits you.
* * * LOW HITPOINT WARNING * * *
Deactivating autopickup; reactivate with Ctrl-A.
The hungry ghost misses you. Something hits you.
* * * LOW HITPOINT WARNING * * *
Something hits you.
* * * LOW HITPOINT WARNING * * *
The yak bellows!
The wight misses you.
Your skin stops crawling.
There is an entrance to Xieng's Book Boutique here.
Something hits you.
* * * LOW HITPOINT WARNING * * *
Something hits you!
* * * LOW HITPOINT WARNING * * *
Something hits you.
* * * LOW HITPOINT WARNING * * *
Something hits you!
You die...

#.....# #.....# #######
...# #....<###.....#
...# #......##.....#
##...#
#.............###.....#
######..#.....##......#
##......<##......###
##>..........##.... ####
#@###.......##....
.....##....Y..z..###.[..
........##z...YY........
........8.)W..8...##....
##.####..##.Y.###..#....
# #.###.#z###.......
...# #.#.....Y...#.
#.#####.##(.#Y...∩.. #..
#>.....#...#....


You could see 3 yaks, a hungry ghost and 3 wights.

Vanquished Creatures
  A minotaur (Lab)
  A two-headed ogre (D:9)
  An ugly thing (D:11)
  The ghost of kegs the Chopper, a novice HOFi (D:5)
  A centaur zombie (D:8)
  Joseph (D:9)
  A slime creature (D:12)
  Prince Ribbit (D:7)
  2 hippogriffs (D:12)
  Sigmund (D:2)
  A wyvern (D:12)
  A yak (D:11)
  Eustachio (D:5)
  2 sky beasts (D:7)
  3 orc warriors
  3 ice beasts
  2 black bears
  6 ogres
  A phantom (D:5)
  2 centaurs
  2 bullfrogs
  3 scorpions
  6 killer bees (D:8)
  A howler monkey (D:5)
  4 crimson imps
  2 bullfrog zombies
  A quasit (D:7)
  4 orc priests
  2 jellies
  14 orc wizards
  5 hounds
  Crazy Yiuf (D:5)
  A bullfrog skeleton (D:4)
  4 iguanas
  3 worker ants (D:5)
  2 hound zombies (D:6)
  A hound skeleton (D:5)
  A howler monkey zombie (D:6)
  9 gnolls
  13 adders
  3 river rats (D:3)
  A shadow imp (D:5)
  9 oozes
  2 worms
  2 dart slugs (D:1)
  6 leopard geckos
  30 orcs
  4 ball pythons
  6 giant cockroaches
  3 goblins
  6 hobgoblins
  16 jackals
  2 quokkas
  8 bats
  9 frilled lizards
  A jackal skeleton (D:5)
  17 kobolds
  A quokka skeleton (D:4)
  12 rats
250 creatures vanquished.

Vanquished Creatures (others)
  11 toadstools (D:4)
11 creatures vanquished.

Grand Total: 261 creatures vanquished

Notes
Turn   | Place    | Note
-------+----------+-------------------------------------------
     0 | D:1      | Suckerboh the Deep Elf Fire Elementalist began the quest for the Orb.
     0 | D:1      | Reached XP level 1. HP: 10/10 MP: 6/6
   183 | D:1      | Reached XP level 2. HP: 14/15 MP: 0/8
  1075 | D:2      | Reached XP level 3. HP: 17/19 MP: 5/9
  1862 | D:2      | Noticed Sigmund
  2040 | D:3      | Reached XP level 4. HP: 18/24 MP: 2/11
  2048 | D:3      | Learned a level 3 spell: Conjure Flame
  2054 | D:3      | Learned a level 4 spell: Sticky Flame
  2138 | D:3      | Found a faded altar of an unknown god.
  2744 | D:3      | Reached XP level 5. HP: 28/28 MP: 8/13
  3252 | D:2      | Killed Sigmund
  3252 | D:2      | Reached skill level 5 in Spellcasting
  3252 | D:2      | Reached XP level 6. HP: 32/32 MP: 8/16
  3665 | D:2      | Reached skill level 5 in Fire Magic
  4242 | D:4      | Reached skill level 5 in Conjurations
  4242 | D:4      | Reached XP level 7. HP: 37/37 MP: 11/17
  4390 | D:4      | Learned a level 5 spell: Fireball
  4974 | D:4      | Found a sacrificial altar of Ru.
  5029 | D:4      | Found a snail-covered altar of Cheibriados.
  5032 | D:4      | Found a shattered altar of Ashenzari.
  5032 | D:4      | Found an iron altar of Okawaru.
  5218 | D:4      | Found a staircase to the Ecumenical Temple.
  5246 | Temple   | Entered the Ecumenical Temple
  5260 | Temple   | Became a worshipper of Vehumet
  5374 | D:4      | Reached XP level 8. HP: 42/42 MP: 15/20
  5630 | D:5      | Entered Level 5 of the Dungeon
  5630 | D:5      | Noticed kegs's ghost (novice HOFi)
  5639 | D:5      | Killed kegs's ghost
  5771 | D:5      | Reached skill level 1 in Axes
  5796 | D:5      | Found an ornate altar of the Wu Jian Council.
  5823 | D:5      | Reached * piety under Vehumet
  5823 | D:5      | Offered knowledge of Sting by Vehumet.
  5984 | D:5      | Reached skill level 1 in Fighting
  6164 | D:5      | Noticed Eustachio
  6172 | D:5      | Killed Eustachio
  6172 | D:5      | Reached XP level 9. HP: 32/47 MP: 14/23
  7041 | D:5      | Found a runed door.
  7153 | D:5      | Noticed Crazy Yiuf
  7158 | D:5      | Killed Crazy Yiuf
  8206 | D:5      | Found a sparkling altar of Nemelex Xobeh.
  8454 | D:7      | Found Negaoh's Food Shoppe.
  8830 | D:7      | Offered knowledge of Sandblast by Vehumet.
  8830 | D:7      | Reached skill level 5 in Dodging
  8975 | D:7      | Reached ** piety under Vehumet
  9081 | D:7      | Noticed Prince Ribbit
  9100 | D:7      | Killed Prince Ribbit
  9597 | D:8      | Reached XP level 10. HP: 45/54 MP: 18/25
  9820 | D:8      | Reached skill level 10 in Conjurations
 10055 | D:8      | Reached skill level 10 in Spellcasting
 10615 | D:9      | Noticed Joseph
 10618 | D:9      | Killed Joseph
 10794 | D:9      | Noticed a two-headed ogre
 10816 | D:9      | Killed a two-headed ogre
 10934 | D:9      | You fall through a shaft for 3 floors!
 10934 | D:12     | Found a runed door.
 11070 | D:12     | Offered knowledge of Mephitic Cloud by Vehumet.
 11079 | D:12     | Learned a level 3 spell: Mephitic Cloud
 11270 | D:11     | Found Xieng's Book Boutique.
 11275 | D:11     | Noticed a white ugly thing
 11276 | D:11     | Found a labyrinth entrance.
 11289 | D:11     | Killed a white ugly thing
 11629 | D:11     | Found Redupn's Jewellery Boutique.
 11631 | Lab      | Entered a labyrinth
 11754 | Lab      | Learned a level 3 spell: Regeneration
 12088 | Lab      | Noticed a minotaur
 12098 | Lab      | Killed a minotaur
 12098 | Lab      | Reached XP level 11. HP: 59/59 MP: 9/28
 12200 | Lab      | Got an ichor-stained leather armour
 12222 | D:11     | Slain by an unseen horror

Skill      XL: |  1  2  3  4  5  6  7  8  9 10 |
---------------+-------------------------------+-----
Dodging        | 3 4 5 6 |  6.5
Conjurations   | 2 3 4 5 6 8 9 11 | 11.5
Fire Magic     | 4 5 7 9 |  9.2
Spellcasting   | 4 5 6 8 9 11 | 11.6
Axes           | 1 |  1.0
Fighting       | 1 2 |  2.6
Stealth        | |  2.4

Action                   |  1- 3 |  4- 6 |  7- 9 | 10-12 || total
-------------------------+-------+-------+-------+-------++-------
Melee: Unarmed           |    20 |       |       |       ||    20
       Hand axe          |       |     3 |     3 |       ||     6
       Rapier            |       |       |   212 |     3 ||   215
 Cast: Flame Tongue      |    93 |    97 |   298 |   101 ||   589
       Sticky Flame      |       |     2 |    19 |    15 ||    36
       Conjure Flame     |       |     1 |     2 |     3 ||     6
       Fireball          |       |       |       |     7 ||     7
       Regeneration      |       |       |       |     1 ||     1
  Eat: Chunk             |     3 |     7 |    18 |     7 ||    35
       Ration            |       |       |       |     1 ||     1
Armor: Robe              |    23 |     1 |    78 |     7 ||   109
Dodge: Dodged            |    93 |    29 |   262 |    46 ||   430
